Rangers vs Nordiques

Created - 17 novembre 2016 at 23:13

Goals
1 2 3 OT1 SO T
Rangers 1 0 1 0 1 3
Nordiques 1 0 1 0 0 2
Shots
1 2 3 OT1 SO T
Rangers 8 12 7 1 3 28
Nordiques 16 12 6 0 3 34

1st period

1. Nordiques , Michael Ryder 1 (Jarret Stoll) at 8:24
2. Rangers , Gustav Nyquist 1 (Cam Barker, Matt Greene) at 10:05

Penalties :
Mike Cammalleri (NYR) for Hooking (Minor) at 0:40

2nd period

No Goal

Penalties :
Ryan Ellis (Que) for Roughing (Minor) at 1:21, Milan Lucic (NYR) for Interference (Minor) at 4:53, Nikita Kucherov (Que) for Hooking (Minor) at 10:51, Chris Bourque (NYR) for Interference (Minor) at 18:31

3rd period

3. Nordiques , Matt Moulson 2 (Michael Ryder, Jarret Stoll) at 2:50
4. Rangers , Chris Bourque 1 (Bryan Young, Gustav Nyquist) at 19:26

Penalties :
Artem Anisimov (NYR) for Holding (Minor) at 9:10, Jarret Stoll (Que) for Hooking (Minor) at 17:19

Overtime #1

No Goal

Penalties :
No Penalty

Shootout

Penalty Shot by Patrice Bergeron for Rangers - Stopped by Martin Brodeur
Penalty Shot by R.J. Umberger for Nordiques - Stopped by Henrik Lundqvist
Penalty Shot by Jakob Silfverberg for Rangers - Goal!
Penalty Shot by Chris Drury for Nordiques - Shot Misses the Net
Penalty Shot by Milan Lucic for Rangers - Shot Misses the Net
Penalty Shot by Vaclav Prospal for Nordiques - Stopped by Henrik Lundqvist

Penalties :
No Penalty

Goalie Stats

Henrik Lundqvist (NYR), 32 saves from 34 shots - (0,941), W, 6-2-0, 64:58 minutes
Martin Brodeur (Que), 26 saves from 28 shots - (0,929), OTL, 3-3-1, 65:00 minutes

Players Stats for Rangers

Player Name              G  A  P  +/- PIM S  H  SB GA TA FO     MP     PP MP  PK MP  
------------------------------------------------------------------------------------
Alexei Emelin            0  0  0   0  0   1  1  0  0  0  0/0    18:08   0:00   2:31 
Artem Anisimov           0  0  0  -1  2   2  2  1  1  0  1/7    16:54   3:20   1:33 
Bryan Young              0  1  1   0  0   0  0  0  0  0  0/0    16:27   0:00   2:31 
Cam Barker               0  1  1   1  0   2  3  2  2  2  0/0    30:31   3:20   5:25 
Chris Bourque            1  0  1   0  2   3  2  0  0  1  0/0    11:51   0:00   0:14 
Drew Stafford            0  0  0   0  0   1  3  0  0  0  2/4    16:51   3:07   0:00 
Gustav Nyquist           1  1  2   2  0   3  3  0  0  0  1/1     7:56   0:00   0:00 
Jakob Silfverberg        0  0  0  -1  0   2  1  1  3  1  1/1    16:58   2:50   0:00 
Matt Greene              0  1  1   0  0   1  0  1  0  1  0/0    24:00   2:37   5:25 
Matt Read                0  0  0  -1  0   3  1  0  1  0  1/2    13:03   0:00   2:19 
Mike Cammalleri          0  0  0  -1  2   1  1  0  1  1  0/0    16:37   2:50   0:38 
Milan Lucic              0  0  0   0  2   4  2  0  0  1  0/0    19:26   3:07   0:00 
Nick Foligno             0  0  0   1  0   1  1  2  0  0  0/0    13:13   0:00   4:45 
Patrice Bergeron         0  0  0   0  0   1  3  2  0  0  12/29  20:28   3:07   1:31 
Ryan Suter               0  0  0   0  0   1  2  1  0  1  0/0    23:08   2:37   0:00 
Staffan Kronwall         0  0  0  -1  0   0  0  1  0  0  0/0    14:13   0:00   0:00 
Stephen Weiss            0  0  0  -1  0   2  1  0  0  0  2/11   17:43   2:50   0:07 
Valtteri Filppula        0  0  0   2  0   0  3  0  0  0  8/12   14:33   0:00   4:45 

Players Stats for Nordiques

Player Name              G  A  P  +/- PIM S  H  SB GA TA FO     MP     PP MP  PK MP  
------------------------------------------------------------------------------------
Chris Drury              0  0  0   0  0   3  2  3  1  0  20/37  24:19   4:34   3:19 
Dmitry Kulikov           0  0  0   0  0   1  1  0  1  1  0/0    21:53   2:41   2:42 
Dustin Byfuglien         0  0  0   0  0   2  2  0  0  3  0/0    29:21   5:15   0:49 
Fedor Tyutin             0  0  0   0  0   2  2  2  1  0  0/0    28:37   5:15   0:00 
Jarret Stoll             0  2  2   1  2   0  2  0  0  0  3/4    13:04   0:00   1:08 
Jean-Pierre Dumont       0  0  0   0  0   1  1  0  1  0  1/1    17:37   3:18   0:00 
Kyle Calder              0  0  0  -1  0   2  3  0  1  0  0/0    18:40   3:18   1:24 
Mark Eaton               0  0  0   0  0   0  2  0  0  1  0/0    14:30   0:00   3:15 
Matt Moulson             1  0  1   2  0   3  0  0  0  0  0/1    11:59   0:04   0:00 
Michael Ryder            1  1  2   2  0   3  0  0  0  0  0/0    11:30   0:04   0:00 
Nikita Kucherov          0  0  0   0  2   5  1  0  2  0  2/3    20:35   4:34   0:00 
Nikolai Kulemin          0  0  0  -1  0   1  0  0  0  0  1/1     7:52   0:04   0:00 
Pascal Dupuis            0  0  0  -1  0   1  1  1  0  0  2/3    10:47   0:00   3:15 
R.J. Umberger            0  0  0   0  0   3  0  2  0  1  1/1    20:20   4:34   0:00 
Rich Peverley            0  0  0  -1  0   1  0  0  0  0  1/4     9:46   0:00   2:14 
Ryan Ellis               0  0  0   0  2   3  0  0  0  2  0/0    21:24   2:41   1:53 
T.J. Fast                0  0  0   0  0   1  0  0  1  0  0/0    14:30   0:00   3:15 
Vaclav Prospal           0  0  0  -1  0   2  2  0  0  0  8/12   17:16   3:18   0:34 

3 Stars

1 - Gustav Nyquist (NYR)
2 - Michael Ryder (Que)
3 - Matt Moulson (Que)

Power Play

Rangers - 0 on 3 Attempt(s) - 0,00%
Nordiques - 0 on 4 Attempt(s) - 0,00%

Penalty Kill

Rangers - 4 on 4 Attempt(s) - 100,00% - Score 0 goal in Penalty Kill
Nordiques - 3 on 3 Attempt(s) - 100,00% - Score 0 goal in Penalty Kill

Team Stat

Rangers - Hits : 29 - Faceoff Wins : 28 - Blocked Shots : 11 - Penalty Minutes : 8
Nordiques - Hits : 19 - Faceoff Wins : 39 - Blocked Shots : 8 - Penalty Minutes : 6

Official

Referees : Hebert Ghislain and Marouelli Dan
Linesman : Scott Driscoll and Bryan Pancich

Game Notes

No Game Note

Finance

Level 1 -- Attendance: 3954 (65,90%) -- Ticket Income 395 400 $
Level 2 -- Attendance: 3342 (66,84%) -- Ticket Income 200 520 $
Level 3 -- Attendance: 1343 (67,15%) -- Ticket Income 55 063 $
Level 4 -- Attendance: 2398 (59,95%) -- Ticket Income 71 940 $
Luxury Box -- Attendance: 978 (97,80%) -- Ticket Income 156 480 $
Game was played at the Centre Videotron.
Total Attendance: 12015 (66,75%)
Total Ticket Income: 879 403 $
Other Income: 131 910 $
Total Income: 1 011 313 $

Rangers

5 vs 5 Forward 
   Center                   Left Wing                Right Wing               Time % Phy DF OF 
 1 Patrice Bergeron         Milan Lucic              Drew Stafford            40     1   2  2  
 2 Stephen Weiss            Mike Cammalleri          Jakob Silfverberg        30     1   2  2  
 3 Artem Anisimov           Chris Bourque            Matt Read                20     1   2  2  
 4 Valtteri Filppula        Nick Foligno             Gustav Nyquist           10     1   2  2  

5 vs 5 Defense 
   Defense                  Defense                                           Time % Phy DF OF 
 1 Cam Barker               Ryan Suter                                        40     1   2  2  
 2 Matt Greene              Staffan Kronwall                                  30     1   2  2  
 3 Alexei Emelin            Bryan Young                                       20     1   2  2  
 4 Cam Barker               Matt Greene                                       10     1   2  2  

PowerPlay Forward 
   Center                   Left Wing                Right Wing               Time % Phy DF OF 
 1 Patrice Bergeron         Milan Lucic              Drew Stafford            60     1   2  2  
 2 Stephen Weiss            Mike Cammalleri          Jakob Silfverberg        40     1   2  2  

PowerPlay Defense
   Defense                  Defense                                           Time % Phy DF OF 
 1 Cam Barker               Artem Anisimov                                    60     1   2  2  
 2 Matt Greene              Ryan Suter                                        40     1   2  2  

Penalty Kill 4 Players Forward 
   Center                   Wing                     Time % Phy DF OF 
 1 Valtteri Filppula        Nick Foligno             60     1   2  2  
 2 Artem Anisimov           Matt Read                40     1   2  2  

Penalty Kill 4 Players Defense
   Defense                  Defense                  Time % Phy DF OF 
 1 Cam Barker               Matt Greene              60     1   2  2  
 2 Bryan Young              Alexei Emelin            40     1   2  2  

Penalty Kill - 3 Players Forward 
   Forward                                           Time % Phy DF OF 
 1 Matt Read                                         60     1   2  2  
 2 Nick Foligno                                      40     1   2  2  

Penalty Kill - 3 Players Defense
   Defense                  Defense                  Time % Phy DF OF 
 1 Cam Barker               Matt Greene              60     1   2  2  
 2 Bryan Young              Alexei Emelin            40     1   2  2  

4 vs 4 Forward 
   Center                   Wing                     Time % Phy DF OF 
 1 Patrice Bergeron         Milan Lucic              60     1   2  2  
 2 Stephen Weiss            Jakob Silfverberg        40     1   2  2  

4 vs 4 Defense
   Defense                  Defense                  Time % Phy DF OF 
 1 Cam Barker               Ryan Suter               60     1   2  2  
 2 Matt Greene              Staffan Kronwall         40     1   2  2  

Last Minutes Offensive
   Center                   Left Wing                Right Wing               Defense                  Defense                  
   Patrice Bergeron         Milan Lucic              Jakob Silfverberg        Cam Barker               Drew Stafford            

Last Minutes Defensive
   Center                   Left Wing                Right Wing               Defense                  Defense                  
   Patrice Bergeron         Nick Foligno             Matt Read                Cam Barker               Matt Greene              

Goaltenders
Starting : Henrik Lundqvist         
Backup : Hannu Toivonen           

Extra Forwards
Normal : Artem Anisimov, Valtteri Filppula, Milan Lucic - PP : Jakob Silfverberg, Patrice Bergeron - PK : Patrice Bergeron
Extra Defensemen
Normal : Matt Greene, Ryan Suter, Cam Barker - PP : Ryan Suter - PK : Alexei Emelin, Matt Greene
Penalty Shots
Patrice Bergeron, Jakob Silfverberg, Milan Lucic, Stephen Weiss, Valtteri Filppula

Nordiques

5 vs 5 Forward 
   Center                   Left Wing                Right Wing               Time % Phy DF OF 
 1 Chris Drury              R.J. Umberger            Nikita Kucherov          40     0   0  5  
 2 Vaclav Prospal           Kyle Calder              Jean-Pierre Dumont       30     0   0  5  
 3 Jarret Stoll             Matt Moulson             Michael Ryder            20     0   0  5  
 4 Rich Peverley            Nikolai Kulemin          Pascal Dupuis            10     0   0  5  

5 vs 5 Defense 
   Defense                  Defense                                           Time % Phy DF OF 
 1 Fedor Tyutin             Dustin Byfuglien                                  40     1   1  3  
 2 Ryan Ellis               Dmitry Kulikov                                    30     1   1  3  
 3 T.J. Fast                Mark Eaton                                        20     1   3  1  
 4 Fedor Tyutin             Dustin Byfuglien                                  10     1   1  3  

PowerPlay Forward 
   Center                   Left Wing                Right Wing               Time % Phy DF OF 
 1 Chris Drury              R.J. Umberger            Nikita Kucherov          60     0   0  5  
 2 Vaclav Prospal           Kyle Calder              Jean-Pierre Dumont       40     0   0  5  

PowerPlay Defense
   Defense                  Defense                                           Time % Phy DF OF 
 1 Fedor Tyutin             Dustin Byfuglien                                  60     1   0  4  
 2 Ryan Ellis               Dmitry Kulikov                                    40     1   0  4  

Penalty Kill 4 Players Forward 
   Center                   Wing                     Time % Phy DF OF 
 1 Pascal Dupuis            Chris Drury              60     1   3  1  
 2 Jarret Stoll             Rich Peverley            40     1   3  1  

Penalty Kill 4 Players Defense
   Defense                  Defense                  Time % Phy DF OF 
 1 T.J. Fast                Mark Eaton               60     2   3  0  
 2 Ryan Ellis               Dmitry Kulikov           40     2   3  0  

Penalty Kill - 3 Players Forward 
   Forward                                           Time % Phy DF OF 
 1 Pascal Dupuis                                     60     1   4  0  
 2 Jarret Stoll                                      40     2   3  0  

Penalty Kill - 3 Players Defense
   Defense                  Defense                  Time % Phy DF OF 
 1 T.J. Fast                Mark Eaton               60     1   4  0  
 2 Dustin Byfuglien         Dmitry Kulikov           40     1   4  0  

4 vs 4 Forward 
   Center                   Wing                     Time % Phy DF OF 
 1 Chris Drury              Jean-Pierre Dumont       60     1   1  3  
 2 Vaclav Prospal           Nikita Kucherov          40     1   1  3  

4 vs 4 Defense
   Defense                  Defense                  Time % Phy DF OF 
 1 Ryan Ellis               Dmitry Kulikov           60     1   3  1  
 2 Fedor Tyutin             Dustin Byfuglien         40     1   3  1  

Last Minutes Offensive
   Center                   Left Wing                Right Wing               Defense                  Defense                  
   Chris Drury              R.J. Umberger            Nikita Kucherov          Ryan Ellis               Dmitry Kulikov           

Last Minutes Defensive
   Center                   Left Wing                Right Wing               Defense                  Defense                  
   Pascal Dupuis            Rich Peverley            Vaclav Prospal           T.J. Fast                Mark Eaton               

Goaltenders
Starting : Martin Brodeur           
Backup : Julien Ellis             

Extra Forwards
Normal : Chris Drury, Nikita Kucherov, R.J. Umberger - PP : Matt Moulson, Nikolai Kulemin - PK : Rich Peverley
Extra Defensemen
Normal : Fedor Tyutin, Ryan Ellis, Dustin Byfuglien - PP : Fedor Tyutin - PK : Dmitry Kulikov, T.J. Fast
Penalty Shots
R.J. Umberger, Chris Drury, Vaclav Prospal, Jean-Pierre Dumont, Kyle Calder

% Time on Ice - Rangers

Lines # - Real PCT - Wanted PCT - Time Play
Normal Forward
1 - 31% - 40% - 14:22
2 - 30% - 30% - 14:01
3 - 21% - 20% - 9:48
4 - 17% - 10% - 7:50
Normal Defense
1 - 41% - 40% - 19:01
2 - 31% - 30% - 14:06
3 - 25% - 20% - 11:36
4 - 3% - 10% - 1:18
PP Forward
1 - 52% - 60% - 3:07
2 - 48% - 40% - 2:50
PP Defense
1 - 56% - 60% - 3:20
2 - 44% - 40% - 2:37
PK Forward
1 - 71% - 60% - 5:37
2 - 29% - 40% - 2:19
PK Defense
1 - 68% - 60% - 5:25
2 - 32% - 40% - 2:31
PK3 Forward
1 - 0% - 60%
2 - 0% - 40%
PK3 Defense
1 - 0% - 60%
2 - 0% - 40%
44 Forward
1 - 79% - 60% - 3:57
2 - 21% - 40% - 1:03
44 Defense
1 - 52% - 60% - 2:35
2 - 48% - 40% - 2:25
Last Minute Offensive  - 0:06
Last Minute Defensive  - 0:00
Total
Forward - 65:00
Defense - 65:00

% Time on Ice - Nordiques

Lines # - Real PCT - Wanted PCT - Time Play
Normal Forward
1 - 33% - 40% - 15:05
2 - 27% - 30% - 12:20
3 - 24% - 20% - 11:10
4 - 16% - 10% - 7:32
Normal Defense
1 - 43% - 40% - 19:36
2 - 31% - 30% - 14:10
3 - 22% - 20% - 10:10
4 - 5% - 10% - 2:11
PP Forward
1 - 58% - 60% - 4:38
2 - 42% - 40% - 3:18
PP Defense
1 - 66% - 60% - 5:15
2 - 34% - 40% - 2:41
PK Forward
1 - 78% - 60% - 4:40
2 - 22% - 40% - 1:17
PK Defense
1 - 55% - 60% - 3:15
2 - 45% - 40% - 2:42
PK3 Forward
1 - 0% - 60%
2 - 0% - 40%
PK3 Defense
1 - 0% - 60%
2 - 0% - 40%
44 Forward
1 - 81% - 60% - 4:04
2 - 19% - 40% - 0:56
44 Defense
1 - 70% - 60% - 3:30
2 - 30% - 40% - 1:30
Last Minute Offensive  - 0:00
Last Minute Defensive  - 0:00
Total
Forward - 65:00
Defense - 65:00

Play by Play

1st period


0:01 of 1st period - Chris Drury wins face-off versus Patrice Bergeron in neutral zone.
0:35 of 1st period - Wrist shot by Jakob Silfverberg.
0:35 of 1st period - Shot Misses the Net.
0:40 of 1st period - Minor Penalty to Mike Cammalleri for Hooking.
0:41 of 1st period - Valtteri Filppula wins face-off versus Chris Drury in Rangers zone.
0:49 of 1st period - Slapshot by Fedor Tyutin.
0:49 of 1st period - Deflect By Chris Drury.
0:49 of 1st period - Stopped by Henrik Lundqvist with a rebound.
0:51 of 1st period - Wrist shot by R.J. Umberger.
0:51 of 1st period - Stopped by Henrik Lundqvist without a rebound.
0:52 of 1st period - Valtteri Filppula wins face-off versus Vaclav Prospal in Rangers zone.
1:23 of 1st period - Slapshot by Nikita Kucherov.
1:23 of 1st period - Stopped by Henrik Lundqvist without a rebound.
1:24 of 1st period - Chris Drury wins face-off versus Valtteri Filppula in Rangers zone.
1:47 of 1st period - Wrist shot by Chris Drury.
1:47 of 1st period - Shot Blocked by Nick Foligno.
2:15 of 1st period - Snap shot by Nikita Kucherov.
2:15 of 1st period - Stopped by Henrik Lundqvist with a rebound.
2:17 of 1st period - Slapshot by Fedor Tyutin.
2:17 of 1st period - Shot Misses the Net.
2:19 of 1st period - Slapshot by Dustin Byfuglien.
2:19 of 1st period - Deflect By Nikita Kucherov.
2:19 of 1st period - Shot Blocked by Nick Foligno.
2:19 of 1st period - Puck is out of play.
2:20 of 1st period - Matt Read wins face-off versus Vaclav Prospal in Rangers zone.
2:31 of 1st period - Bryan Young is hit by Kyle Calder and loses puck.
2:40 of 1st period - Penalty to Mike Cammalleri is over, Mike Cammalleri is back on ice.
2:56 of 1st period - Snap shot by Matt Moulson.
2:56 of 1st period - Shot Misses the Net.
2:58 of 1st period - Snap shot by Matt Moulson.
2:58 of 1st period - Stopped by Henrik Lundqvist with a rebound.
3:18 of 1st period - Backhand shot by Stephen Weiss.
3:18 of 1st period - Deflect By T.J. Fast.
3:18 of 1st period - Stopped by Martin Brodeur without a rebound.
3:19 of 1st period - Vaclav Prospal wins face-off versus Patrice Bergeron in Nordiques zone.
4:45 of 1st period - Snap shot by Vaclav Prospal.
4:45 of 1st period - Stopped by Henrik Lundqvist with a rebound.
5:17 of 1st period - Alexei Emelin is hit by Dmitry Kulikov and loses puck.
6:34 of 1st period - Snap shot by Rich Peverley.
6:34 of 1st period - Stopped by Henrik Lundqvist without a rebound.
6:35 of 1st period - Valtteri Filppula wins face-off versus Rich Peverley in Rangers zone.
6:44 of 1st period - Nick Foligno is hit by Mark Eaton.
6:50 of 1st period - Mark Eaton is hit by Valtteri Filppula and loses puck.
7:07 of 1st period - Snap shot by Nikolai Kulemin.
7:07 of 1st period - Shot Misses the Net.
7:17 of 1st period - Wrist shot by Nick Foligno.
7:17 of 1st period - Shot Misses the Net.
7:33 of 1st period - Snap shot by Gustav Nyquist.
7:33 of 1st period - Deflect By Nick Foligno.
7:33 of 1st period - Stopped by Martin Brodeur without a rebound.
7:34 of 1st period - Patrice Bergeron wins face-off versus Chris Drury in Nordiques zone.
7:43 of 1st period - Slapshot by Milan Lucic.
7:43 of 1st period - Stopped by Martin Brodeur with a rebound.
7:45 of 1st period - Slapshot by Matt Greene.
7:45 of 1st period - Shot Blocked by Fedor Tyutin.
7:47 of 1st period - Snap shot by Staffan Kronwall.
7:47 of 1st period - Shot Blocked by Chris Drury.
8:24 of 1st period - Snap shot by Michael Ryder.
8:24 of 1st period - Goal by Michael Ryder - Rangers : 0 - Nordiques : 1.
8:25 of 1st period - Chris Drury wins face-off versus Patrice Bergeron in neutral zone.
8:28 of 1st period - Slapshot by Nikita Kucherov.
8:28 of 1st period - Stopped by Henrik Lundqvist with a rebound.
8:47 of 1st period - Icing by Chris Drury.
8:48 of 1st period - Vaclav Prospal wins face-off versus Stephen Weiss in Nordiques zone.
10:05 of 1st period - Slapshot by Gustav Nyquist.
10:05 of 1st period - Deflect By Mark Eaton.
10:05 of 1st period - Goal by Gustav Nyquist - Rangers : 1 - Nordiques : 1.
10:06 of 1st period - Chris Drury wins face-off versus Patrice Bergeron in neutral zone.
10:16 of 1st period - Chris Drury is hit by Milan Lucic and loses puck.
10:21 of 1st period - Snap shot by Milan Lucic.
10:21 of 1st period - Stopped by Martin Brodeur without a rebound.
10:22 of 1st period - Vaclav Prospal wins face-off versus Stephen Weiss in Nordiques zone.
11:13 of 1st period - Ryan Suter is hit by Jarret Stoll and loses puck.
11:20 of 1st period - Snap shot by Michael Ryder.
11:20 of 1st period - Stopped by Henrik Lundqvist with a rebound.
11:44 of 1st period - Wrist shot by Jean-Pierre Dumont.
11:44 of 1st period - Shot Misses the Net.
11:46 of 1st period - Wrist shot by Vaclav Prospal.
11:46 of 1st period - Deflect By Jean-Pierre Dumont.
11:46 of 1st period - Shot Blocked by Cam Barker.
11:46 of 1st period - Puck is out of play.
11:47 of 1st period - Patrice Bergeron wins face-off versus Chris Drury in Rangers zone.
12:35 of 1st period - Fedor Tyutin is hit by Gustav Nyquist.
12:57 of 1st period - Slapshot by Kyle Calder.
12:57 of 1st period - Stopped by Henrik Lundqvist with a rebound.
13:02 of 1st period - Off-side.
13:03 of 1st period - Chris Drury wins face-off versus Patrice Bergeron in neutral zone.
13:16 of 1st period - Wrist shot by R.J. Umberger.
13:16 of 1st period - Shot Misses the Net.
14:10 of 1st period - Icing by Ryan Ellis.
14:11 of 1st period - Valtteri Filppula wins face-off versus Chris Drury in Nordiques zone.
14:14 of 1st period - Snap shot by Nick Foligno.
14:14 of 1st period - Shot Blocked by Chris Drury.
14:26 of 1st period - Snap shot by Nikita Kucherov.
14:26 of 1st period - Stopped by Henrik Lundqvist without a rebound.
14:27 of 1st period - Patrice Bergeron wins face-off versus Vaclav Prospal in Rangers zone.
14:36 of 1st period - Snap shot by Drew Stafford.
14:36 of 1st period - Stopped by Martin Brodeur with a rebound.
14:41 of 1st period - Off-side.
14:42 of 1st period - Nikita Kucherov wins face-off versus Stephen Weiss in neutral zone.
14:45 of 1st period - Wrist shot by Chris Drury.
14:45 of 1st period - Shot Misses the Net.
15:53 of 1st period - Wrist shot by Nikolai Kulemin.
15:53 of 1st period - Stopped by Henrik Lundqvist with a rebound.
15:55 of 1st period - Wrist shot by Pascal Dupuis.
15:55 of 1st period - Stopped by Henrik Lundqvist without a rebound.
15:56 of 1st period - Rich Peverley wins face-off versus Patrice Bergeron in Rangers zone.
16:03 of 1st period - Slapshot by Milan Lucic.
16:03 of 1st period - Shot Misses the Net.
16:05 of 1st period - Slapshot by Alexei Emelin.
16:05 of 1st period - Stopped by Martin Brodeur with a rebound.
16:42 of 1st period - Off-side.
16:43 of 1st period - Artem Anisimov wins face-off versus Vaclav Prospal in neutral zone.
16:52 of 1st period - Wrist shot by Matt Read.
16:52 of 1st period - Stopped by Martin Brodeur without a rebound.
16:53 of 1st period - Drew Stafford wins face-off versus Chris Drury in Nordiques zone.
17:18 of 1st period - Snap shot by Kyle Calder.
17:18 of 1st period - Stopped by Henrik Lundqvist without a rebound.
17:19 of 1st period - Vaclav Prospal wins face-off versus Stephen Weiss in Rangers zone.
17:22 of 1st period - Wrist shot by Vaclav Prospal.
17:22 of 1st period - Stopped by Henrik Lundqvist without a rebound.
17:23 of 1st period - Vaclav Prospal wins face-off versus Patrice Bergeron in Rangers zone.
17:38 of 1st period - Wrist shot by Jean-Pierre Dumont.
17:38 of 1st period - Deflect By Drew Stafford.
17:38 of 1st period - Shot Blocked by Patrice Bergeron.
17:38 of 1st period - Puck is out of play.
17:39 of 1st period - Stephen Weiss wins face-off versus Chris Drury in Rangers zone.
17:46 of 1st period - Snap shot by Jakob Silfverberg.
17:46 of 1st period - Shot Misses the Net.
18:40 of 1st period - Snap shot by Gustav Nyquist.
18:40 of 1st period - Shot Misses the Net.
Goals for this period are 1 for Rangers vs 1 for Nordiques.
Shots for this period are 8 for Rangers vs 16 for Nordiques.

2nd period


0:01 of 2nd period - Chris Drury wins face-off versus Patrice Bergeron in neutral zone.
0:06 of 2nd period - Backhand shot by Nikita Kucherov.
0:06 of 2nd period - Stopped by Henrik Lundqvist without a rebound.
0:07 of 2nd period - Patrice Bergeron wins face-off versus Chris Drury in Rangers zone.
0:14 of 2nd period - Slapshot by Chris Drury.
0:14 of 2nd period - Shot Misses the Net.
0:18 of 2nd period - Wrist shot by Chris Drury.
0:18 of 2nd period - Stopped by Henrik Lundqvist without a rebound.
0:19 of 2nd period - Patrice Bergeron wins face-off versus Chris Drury in Rangers zone.
0:46 of 2nd period - Jakob Silfverberg is hit by Kyle Calder and loses puck.
1:05 of 2nd period - Snap shot by Dustin Byfuglien.
1:05 of 2nd period - Stopped by Henrik Lundqvist with a rebound.
1:21 of 2nd period - Minor Penalty to Ryan Ellis for Roughing.
1:22 of 2nd period - Patrice Bergeron wins face-off versus Chris Drury in Nordiques zone.
1:22 of 2nd period - Snap shot by Milan Lucic.
1:22 of 2nd period - Stopped by Martin Brodeur without a rebound.
1:23 of 2nd period - Pascal Dupuis wins face-off versus Patrice Bergeron in Nordiques zone.
1:34 of 2nd period - Wrist shot by Pascal Dupuis.
1:34 of 2nd period - Shot Blocked by Artem Anisimov.
2:17 of 2nd period - Icing by Mike Cammalleri.
2:18 of 2nd period - Jarret Stoll wins face-off versus Stephen Weiss in Rangers zone.
3:21 of 2nd period - Penalty to Ryan Ellis is over, Ryan Ellis is back on ice.
3:29 of 2nd period - Kyle Calder is hit by Cam Barker and loses puck.
3:56 of 2nd period - Snap shot by Matt Read.
3:56 of 2nd period - Stopped by Martin Brodeur with a rebound.
3:58 of 2nd period - Wrist shot by Chris Bourque.
3:58 of 2nd period - Deflect By Artem Anisimov.
3:58 of 2nd period - Shot Misses the Net.
3:58 of 2nd period - Puck is out of play.
3:59 of 2nd period - Nikita Kucherov wins face-off versus Matt Read in Nordiques zone.
3:59 of 2nd period - Nikita Kucherov is hit by Matt Read.
4:05 of 2nd period - Wrist shot by Chris Bourque.
4:05 of 2nd period - Stopped by Martin Brodeur with a rebound.
4:07 of 2nd period - Snap shot by Matt Greene.
4:07 of 2nd period - Deflect By Matt Read.
4:07 of 2nd period - Shot Misses the Net.
4:07 of 2nd period - Puck is out of play.
4:08 of 2nd period - Vaclav Prospal wins face-off versus Patrice Bergeron in Nordiques zone.
4:13 of 2nd period - Slapshot by Ryan Ellis.
4:13 of 2nd period - Stopped by Henrik Lundqvist with a rebound.
4:15 of 2nd period - Slapshot by Dmitry Kulikov.
4:15 of 2nd period - Shot Misses the Net.
4:17 of 2nd period - Slapshot by Ryan Ellis.
4:17 of 2nd period - Stopped by Henrik Lundqvist without a rebound.
4:18 of 2nd period - Vaclav Prospal wins face-off versus Drew Stafford in Rangers zone.
4:25 of 2nd period - Snap shot by Jean-Pierre Dumont.
4:25 of 2nd period - Stopped by Henrik Lundqvist with a rebound.
4:27 of 2nd period - Slapshot by Dmitry Kulikov.
4:27 of 2nd period - Stopped by Henrik Lundqvist without a rebound.
4:28 of 2nd period - Chris Drury wins face-off versus Patrice Bergeron in Rangers zone.
4:31 of 2nd period - Snap shot by Chris Drury.
4:31 of 2nd period - Deflect By Nikita Kucherov.
4:31 of 2nd period - Shot Misses the Net.
4:31 of 2nd period - Puck is out of play.
4:32 of 2nd period - Chris Drury wins face-off versus Patrice Bergeron in Rangers zone.
4:37 of 2nd period - Slapshot by R.J. Umberger.
4:37 of 2nd period - Shot Misses the Net.
4:39 of 2nd period - Snap shot by R.J. Umberger.
4:39 of 2nd period - Shot Blocked by Patrice Bergeron.
4:53 of 2nd period - Minor Penalty to Milan Lucic for Interference.
4:54 of 2nd period - Valtteri Filppula wins face-off versus Chris Drury in Rangers zone.
5:04 of 2nd period - Off-side.
5:05 of 2nd period - Valtteri Filppula wins face-off versus Chris Drury in neutral zone.
5:35 of 2nd period - Slapshot by Fedor Tyutin.
5:35 of 2nd period - Shot Blocked by Cam Barker.
5:57 of 2nd period - Snap shot by Matt Read.
5:57 of 2nd period - Stopped by Martin Brodeur without a rebound.
5:58 of 2nd period - Vaclav Prospal wins face-off versus Artem Anisimov in Nordiques zone.
6:08 of 2nd period - Wrist shot by Artem Anisimov.
6:08 of 2nd period - Stopped by Martin Brodeur without a rebound.
6:09 of 2nd period - Chris Drury wins face-off versus Valtteri Filppula in Nordiques zone.
6:53 of 2nd period - Penalty to Milan Lucic is over, Milan Lucic is back on ice.
7:15 of 2nd period - Vaclav Prospal is hit by Milan Lucic and loses puck.
7:30 of 2nd period - Slapshot by Fedor Tyutin.
7:30 of 2nd period - Stopped by Henrik Lundqvist without a rebound.
7:31 of 2nd period - Chris Drury wins face-off versus Stephen Weiss in Rangers zone.
7:36 of 2nd period - Wrist shot by R.J. Umberger.
7:36 of 2nd period - Shot Blocked by Ryan Suter.
7:56 of 2nd period - Cam Barker is hit by Mark Eaton and loses puck.
8:06 of 2nd period - Wrist shot by Michael Ryder.
8:06 of 2nd period - Stopped by Henrik Lundqvist without a rebound.
8:07 of 2nd period - Patrice Bergeron wins face-off versus Matt Moulson in Rangers zone.
8:22 of 2nd period - Slapshot by Matt Moulson.
8:22 of 2nd period - Shot Misses the Net.
8:40 of 2nd period - Slapshot by Jakob Silfverberg.
8:40 of 2nd period - Shot Blocked by Chris Drury.
8:54 of 2nd period - Snap shot by Chris Bourque.
8:54 of 2nd period - Stopped by Martin Brodeur without a rebound.
8:55 of 2nd period - Nikolai Kulemin wins face-off versus Artem Anisimov in Nordiques zone.
9:06 of 2nd period - Snap shot by Chris Bourque.
9:06 of 2nd period - Shot Blocked by Pascal Dupuis.
9:08 of 2nd period - Slapshot by Ryan Suter.
9:08 of 2nd period - Deflect By Dustin Byfuglien.
9:08 of 2nd period - Stopped by Martin Brodeur without a rebound.
9:09 of 2nd period - Patrice Bergeron wins face-off versus Chris Drury in Nordiques zone.
9:14 of 2nd period - Snap shot by Milan Lucic.
9:14 of 2nd period - Stopped by Martin Brodeur with a rebound.
9:24 of 2nd period - Snap shot by Patrice Bergeron.
9:24 of 2nd period - Shot Blocked by R.J. Umberger.
9:44 of 2nd period - Wrist shot by Stephen Weiss.
9:44 of 2nd period - Stopped by Martin Brodeur with a rebound.
10:03 of 2nd period - T.J. Fast is hit by Cam Barker and loses puck.
10:40 of 2nd period - Slapshot by Chris Drury.
10:40 of 2nd period - Stopped by Henrik Lundqvist with a rebound.
10:42 of 2nd period - Slapshot by T.J. Fast.
10:42 of 2nd period - Stopped by Henrik Lundqvist without a rebound.
10:43 of 2nd period - Chris Drury wins face-off versus Patrice Bergeron in Rangers zone.
10:44 of 2nd period - Snap shot by R.J. Umberger.
10:44 of 2nd period - Stopped by Henrik Lundqvist with a rebound.
10:51 of 2nd period - Minor Penalty to Nikita Kucherov for Hooking.
10:52 of 2nd period - Patrice Bergeron wins face-off versus Pascal Dupuis in Nordiques zone.
11:35 of 2nd period - Snap shot by Jakob Silfverberg.
11:35 of 2nd period - Stopped by Martin Brodeur with a rebound.
12:51 of 2nd period - Penalty to Nikita Kucherov is over, Nikita Kucherov is back on ice.
12:59 of 2nd period - Slapshot by Ryan Suter.
12:59 of 2nd period - Shot Misses the Net.
13:05 of 2nd period - Alexei Emelin is hit by Vaclav Prospal and loses puck.
15:19 of 2nd period - Off-side.
15:20 of 2nd period - Chris Drury wins face-off versus Stephen Weiss in neutral zone.
15:27 of 2nd period - Wrist shot by Chris Drury.
15:27 of 2nd period - Shot Blocked by Jakob Silfverberg.
16:01 of 2nd period - Slapshot by Cam Barker.
16:01 of 2nd period - Shot Hit the Post.
16:17 of 2nd period - Icing by Artem Anisimov.
16:18 of 2nd period - Valtteri Filppula wins face-off versus Rich Peverley in Rangers zone.
16:27 of 2nd period - Snap shot by Gustav Nyquist.
16:27 of 2nd period - Stopped by Martin Brodeur without a rebound.
16:28 of 2nd period - Chris Drury wins face-off versus Patrice Bergeron in Nordiques zone.
16:28 of 2nd period - Chris Drury is hit by Drew Stafford.
17:14 of 2nd period - Dustin Byfuglien is hit by Artem Anisimov and loses puck.
17:19 of 2nd period - Snap shot by Cam Barker.
17:19 of 2nd period - Deflect By Dustin Byfuglien.
17:19 of 2nd period - Stopped by Martin Brodeur without a rebound.
17:20 of 2nd period - Chris Drury wins face-off versus Artem Anisimov in Nordiques zone.
17:45 of 2nd period - Matt Greene is hit by Jarret Stoll and loses puck.
18:31 of 2nd period - Minor Penalty to Chris Bourque for Interference.
18:32 of 2nd period - Chris Drury wins face-off versus Valtteri Filppula in Rangers zone.
19:44 of 2nd period - Fedor Tyutin is hit by Mike Cammalleri and loses puck.
19:51 of 2nd period - Cam Barker is hit by Dustin Byfuglien.
Goals for this period are 0 for Rangers vs 0 for Nordiques.
Shots for this period are 12 for Rangers vs 12 for Nordiques.

3rd period


0:01 of 3rd period - Valtteri Filppula wins face-off versus Nikita Kucherov in neutral zone.
0:31 of 3rd period - Penalty to Chris Bourque is over, Chris Bourque is back on ice.
1:00 of 3rd period - Snap shot by Jean-Pierre Dumont.
1:00 of 3rd period - Shot Misses the Net.
1:17 of 3rd period - Slapshot by Artem Anisimov.
1:17 of 3rd period - Stopped by Martin Brodeur with a rebound.
1:19 of 3rd period - Slapshot by Chris Bourque.
1:19 of 3rd period - Shot Misses the Net.
1:21 of 3rd period - Slapshot by Matt Greene.
1:21 of 3rd period - Deflect By Dustin Byfuglien.
1:21 of 3rd period - Stopped by Martin Brodeur without a rebound.
1:22 of 3rd period - Chris Drury wins face-off versus Patrice Bergeron in Nordiques zone.
1:22 of 3rd period - Chris Drury is hit by Alexei Emelin.
1:48 of 3rd period - Dmitry Kulikov is hit by Gustav Nyquist and loses puck.
2:14 of 3rd period - Off-side.
2:15 of 3rd period - Stephen Weiss wins face-off versus Rich Peverley in neutral zone.
2:50 of 3rd period - Snap shot by Matt Moulson.
2:50 of 3rd period - Goal by Matt Moulson - Rangers : 1 - Nordiques : 2.
2:51 of 3rd period - Patrice Bergeron wins face-off versus Chris Drury in neutral zone.
2:58 of 3rd period - Snap shot by Milan Lucic.
2:58 of 3rd period - Deflect By Patrice Bergeron.
2:58 of 3rd period - Stopped by Martin Brodeur without a rebound.
2:59 of 3rd period - Patrice Bergeron wins face-off versus Chris Drury in Nordiques zone.
3:36 of 3rd period - Fedor Tyutin is hit by Ryan Suter and loses puck.
4:09 of 3rd period - Ryan Ellis is hit by Drew Stafford and loses puck.
5:43 of 3rd period - Staffan Kronwall is hit by Pascal Dupuis and loses puck.
6:00 of 3rd period - Drew Stafford is hit by Dustin Byfuglien and loses puck.
6:24 of 3rd period - Chris Bourque is hit by Vaclav Prospal and loses puck.
6:31 of 3rd period - Jean-Pierre Dumont is hit by Artem Anisimov and loses puck.
6:42 of 3rd period - Jean-Pierre Dumont is hit by Valtteri Filppula and loses puck.
6:52 of 3rd period - Off-side.
6:53 of 3rd period - Chris Drury wins face-off versus Patrice Bergeron in neutral zone.
7:20 of 3rd period - Wrist shot by Matt Moulson.
7:20 of 3rd period - Stopped by Henrik Lundqvist without a rebound.
7:21 of 3rd period - Jarret Stoll wins face-off versus Stephen Weiss in Rangers zone.
8:36 of 3rd period - Backhand shot by Matt Moulson.
8:36 of 3rd period - Shot Misses the Net.
8:38 of 3rd period - Slapshot by Dustin Byfuglien.
8:38 of 3rd period - Stopped by Henrik Lundqvist without a rebound.
8:39 of 3rd period - Patrice Bergeron wins face-off versus Chris Drury in Rangers zone.
9:05 of 3rd period - Icing by Cam Barker.
9:06 of 3rd period - Jean-Pierre Dumont wins face-off versus Artem Anisimov in Rangers zone.
9:10 of 3rd period - Minor Penalty to Artem Anisimov for Holding.
9:11 of 3rd period - Chris Drury wins face-off versus Valtteri Filppula in Rangers zone.
9:47 of 3rd period - Patrice Bergeron is hit by Fedor Tyutin and loses puck.
11:10 of 3rd period - Penalty to Artem Anisimov is over, Artem Anisimov is back on ice.
11:20 of 3rd period - Snap shot by Matt Moulson.
11:20 of 3rd period - Shot Misses the Net.
11:38 of 3rd period - Slapshot by Ryan Ellis.
11:38 of 3rd period - Stopped by Henrik Lundqvist with a rebound.
12:35 of 3rd period - Fedor Tyutin is hit by Gustav Nyquist and loses puck.
12:57 of 3rd period - Jarret Stoll is hit by Patrice Bergeron and loses puck.
13:32 of 3rd period - Alexei Emelin is hit by Jean-Pierre Dumont and loses puck.
13:43 of 3rd period - Jean-Pierre Dumont is hit by Nick Foligno and loses puck.
13:59 of 3rd period - Kyle Calder is hit by Ryan Suter and loses puck.
14:28 of 3rd period - Staffan Kronwall is hit by Chris Drury and loses puck.
14:33 of 3rd period - Wrist shot by R.J. Umberger.
14:33 of 3rd period - Stopped by Henrik Lundqvist with a rebound.
14:35 of 3rd period - Wrist shot by Chris Drury.
14:35 of 3rd period - Deflect By Nikita Kucherov.
14:35 of 3rd period - Shot Blocked by Staffan Kronwall.
14:35 of 3rd period - Puck is out of play.
14:36 of 3rd period - Jakob Silfverberg wins face-off versus Chris Drury in Rangers zone.
14:41 of 3rd period - R.J. Umberger is hit by Cam Barker and loses puck.
14:46 of 3rd period - Snap shot by Stephen Weiss.
14:46 of 3rd period - Shot Misses the Net.
14:52 of 3rd period - Backhand shot by Jakob Silfverberg.
14:52 of 3rd period - Deflect By Mike Cammalleri.
14:52 of 3rd period - Shot Misses the Net.
14:52 of 3rd period - Puck is out of play.
14:53 of 3rd period - Drew Stafford wins face-off versus Jarret Stoll in Nordiques zone.
15:06 of 3rd period - Fedor Tyutin is hit by Drew Stafford and loses puck.
15:25 of 3rd period - Snap shot by Jakob Silfverberg.
15:25 of 3rd period - Shot Misses the Net.
15:27 of 3rd period - Slapshot by Ryan Suter.
15:27 of 3rd period - Shot Blocked by Fedor Tyutin.
15:29 of 3rd period - Slapshot by Stephen Weiss.
15:29 of 3rd period - Deflect By Mike Cammalleri.
15:29 of 3rd period - Stopped by Martin Brodeur without a rebound.
15:30 of 3rd period - Chris Drury wins face-off versus Artem Anisimov in Nordiques zone.
15:30 of 3rd period - Chris Drury is hit by Chris Bourque.
15:56 of 3rd period - Milan Lucic is hit by Kyle Calder and loses puck.
16:01 of 3rd period - Snap shot by Vaclav Prospal.
16:01 of 3rd period - Shot Blocked by Matt Greene.
16:51 of 3rd period - Icing by Ryan Suter.
16:52 of 3rd period - Gustav Nyquist wins face-off versus Chris Drury in Rangers zone.
16:52 of 3rd period - Gustav Nyquist is hit by Fedor Tyutin.
17:04 of 3rd period - Wrist shot by Valtteri Filppula.
17:04 of 3rd period - Shot Blocked by R.J. Umberger.
17:19 of 3rd period - Minor Penalty to Jarret Stoll for Hooking.
17:20 of 3rd period - Pascal Dupuis wins face-off versus Drew Stafford in Nordiques zone.
18:00 of 3rd period - Wrist shot by Jakob Silfverberg.
18:00 of 3rd period - Stopped by Martin Brodeur with a rebound.
18:28 of 3rd period - Rich Peverley is hit by Stephen Weiss and loses puck.
19:19 of 3rd period - Penalty to Jarret Stoll is over, Jarret Stoll is back on ice.
19:24 of 3rd period - Rangers, Henrik Lundqvist is pulled from the net.
19:24 of 3rd period - Wrist shot by Chris Bourque.
19:24 of 3rd period - Deflect By Gustav Nyquist.
19:24 of 3rd period - Stopped by Martin Brodeur with a rebound.
19:26 of 3rd period - Snap shot by Bryan Young.
19:26 of 3rd period - Deflect By Chris Bourque.
19:26 of 3rd period - Goal by Chris Bourque - Rangers : 2 - Nordiques : 2.
19:26 of 3rd period - Henrik Lundqvist from Rangers was sent back in the game.
19:27 of 3rd period - Jarret Stoll wins face-off versus Stephen Weiss in neutral zone.
19:38 of 3rd period - Snap shot by Matt Moulson.
19:38 of 3rd period - Shot Misses the Net.
19:40 of 3rd period - Slapshot by Fedor Tyutin.
19:40 of 3rd period - Stopped by Henrik Lundqvist with a rebound.
19:52 of 3rd period - Kyle Calder is hit by Chris Bourque and loses puck.
Goals for this period are 1 for Rangers vs 1 for Nordiques.
Shots for this period are 7 for Rangers vs 6 for Nordiques.

Overtime #1


0:01 of 1st overtime period - Chris Drury wins face-off versus Patrice Bergeron in neutral zone.
0:43 of 1st overtime period - Vaclav Prospal is hit by Jakob Silfverberg and loses puck.
1:08 of 1st overtime period - Dustin Byfuglien is hit by Patrice Bergeron and loses puck.
1:32 of 1st overtime period - Snap shot by R.J. Umberger.
1:32 of 1st overtime period - Shot Misses the Net.
1:46 of 1st overtime period - Wrist shot by Cam Barker.
1:46 of 1st overtime period - Stopped by Martin Brodeur with a rebound.
2:09 of 1st overtime period - Off-side.
2:10 of 1st overtime period - R.J. Umberger wins face-off versus Artem Anisimov in neutral zone.
2:34 of 1st overtime period - Staffan Kronwall is hit by Chris Drury and loses puck.
3:23 of 1st overtime period - Dustin Byfuglien is hit by Patrice Bergeron and loses puck.
3:34 of 1st overtime period - Alexei Emelin is hit by Nikita Kucherov and loses puck.
3:41 of 1st overtime period - Nikita Kucherov is hit by Valtteri Filppula and loses puck.
Goals for this period are 0 for Rangers vs 0 for Nordiques.
Shots for this period are 1 for Rangers vs 0 for Nordiques.

ShootOut


5:00 of 1st overtime period - Penalty Shot by Patrice Bergeron for Rangers.
5:00 of 1st overtime period - Wrist shot by Patrice Bergeron.
5:00 of 1st overtime period - Stopped by Martin Brodeur.
5:00 of 1st overtime period - Penalty Shot by R.J. Umberger for Nordiques.
5:00 of 1st overtime period - Backhand shot by R.J. Umberger.
5:00 of 1st overtime period - Stopped by Henrik Lundqvist.
5:00 of 1st overtime period - Penalty Shot by Jakob Silfverberg for Rangers.
5:00 of 1st overtime period - Wrist shot by Jakob Silfverberg.
5:00 of 1st overtime period - Goal by Jakob Silfverberg.
5:00 of 1st overtime period - Penalty Shot by Chris Drury for Nordiques.
5:00 of 1st overtime period - Deke by Chris Drury.
5:00 of 1st overtime period - Shot Misses the Net.
5:00 of 1st overtime period - Penalty Shot by Milan Lucic for Rangers.
5:00 of 1st overtime period - Wrist shot by Milan Lucic.
5:00 of 1st overtime period - Shot Misses the Net.
5:00 of 1st overtime period - Penalty Shot by Vaclav Prospal for Nordiques.
5:00 of 1st overtime period - Backhand shot by Vaclav Prospal.
5:00 of 1st overtime period - Stopped by Henrik Lundqvist.